[ AOE2 MATCH · #513890512 ]
UnrankedFranks vs Britons
Player's team · LOSS
Rival team · WIN
[ REPLAY ANALYSIS · EXTRACTED FROM THE RECORDED GAME ]
Feudal
14:16
Castle
17:50
Imperial
—
| APM avg | 35.5 |
| APM peak | 85 |
| eAPM avg | 19.6 |
| Villagers / military | 44 / 11 |
Focus
⚔️ 30.0% · 🌾 70.0%
Fishing Ship ×10 · Hulk ×4 · Throwing Axeman ×4 · Scorpion ×3
Feudal
13:46
Castle
17:16
Imperial
—
| APM avg | 43.1 |
| APM peak | 83 |
| eAPM avg | 17.5 |
| Villagers / military | 41 / 17 |
Focus
⚔️ 42.7% · 🌾 57.3%
Fishing Ship ×13 · Longbowman ×9 · Hulk ×8
Match map
Initial resources + every placement click. Lines = walls · curves = elevation contours. ◆ gold · ⬟ stone · ● berries · ✦ relic · ◌ wall gap
Your base· Open — opponent sealed themselves in
JamCat's base· ✓ Closed at 17:16 · 50t walls · no gate
Smoothed initial terrain · ◌ = detected wall gap · hover for details
Inputs per minute
— Lic. VELEZ Y VINO - - JamCat
Build order — Lic. VELEZ Y VINO
98 actions detected in the replay
| 0:02 | Build | Town Center |
| 0:16 | Build | House |
| 0:58 | Build | Dock |
| 2:16 | Queue | Villager (Male) |
| 2:16 | Queue | Villager (Male) |
| 2:16 | Queue | Villager (Male) |
| 2:16 | Queue | Villager (Male) |
| 2:16 | Queue | Villager (Male) |
| 3:32 | Queue | Fishing Ship |
| 3:33 | Queue | Fishing Ship |
| 3:42 | Queue | Villager (Male) |
| 4:23 | Research | Loom |
| 4:40 | Build | House |
| 5:05 | Queue | Villager (Male) |
| 5:05 | Queue | Villager (Male) |
| 5:05 | Queue | Villager (Male) |
| 5:15 | Queue | Fishing Ship |
| 5:49 | Queue | Villager (Male) |
| 5:49 | Queue | Villager (Male) |
| 5:54 | Queue | Fishing Ship |
| 5:54 | Queue | Fishing Ship |
| 5:54 | Queue | Fishing Ship |
| 6:11 | Queue | Villager (Male) |
| 6:11 | Queue | Villager (Male) |
| 6:39 | Queue | Villager (Male) |
| 6:39 | Queue | Villager (Male) |
| 6:55 | Build | House |
| 7:23 | Queue | Villager (Male) |
| 7:23 | Queue | Villager (Male) |
| 7:27 | Queue | Fishing Ship |
| 7:48 | Queue | Villager (Male) |
| 7:48 | Queue | Villager (Male) |
| 8:10 | Queue | Fishing Ship |
| 8:12 | Build | House |
| 8:23 | Queue | Villager (Male) |
| 8:23 | Queue | Villager (Male) |
| 8:37 | Queue | Villager (Male) |
| 8:38 | Queue | Villager (Male) |
| 8:43 | Queue | Fishing Ship |
| 9:14 | Queue | Villager (Male) |
| 9:36 | Queue | Villager (Male) |
| 9:36 | Queue | Villager (Male) |
| 9:43 | Build | Mill |
| 9:56 | Build | House |
| 10:05 | Queue | Villager (Male) |
| 10:17 | Queue | Villager (Male) |
| 10:28 | Queue | Villager (Male) |
| 10:41 | Queue | Fishing Ship |
| 11:13 | Queue | Villager (Male) |
| 11:34 | Build | Mill |
| 11:54 | Build | Mining Camp |
| 12:06 | Research | Feudal Age |
| 13:50 | Queue | Villager (Male) |
| 13:50 | Queue | Villager (Male) |
| 14:16 | Age | Feudal Age |
| 14:18 | Build | Market |
| 14:20 | Build | Blacksmith |
| 15:10 | Research | Castle Age |
| 15:10 | Research | Castle Age |
| 15:19 | Build | House |
| 15:46 | Build | Lumber Camp |
| 16:18 | Research | Double-Bit Axe |
| 16:26 | Queue | Villager (Male) |
| 16:26 | Queue | Villager (Male) |
| 16:47 | Queue | Villager (Male) |
| 17:09 | Build | Dock |
| 17:12 | Queue | Villager (Male) |
| 17:50 | Age | Castle Age |
| 17:52 | Build | Castle |
| 18:10 | Queue | Villager (Male) |
| 18:20 | Build | Town Center |
| 18:24 | Build | House |
| 18:33 | Queue | Hulk |
| 18:38 | Queue | Villager (Male) |
| 18:55 | Queue | Hulk |
| 18:58 | Build | House |
| 19:04 | Queue | Throwing Axeman |
| 19:04 | Queue | Throwing Axeman |
| 19:08 | Queue | Villager (Male) |
| 19:38 | Queue | Hulk |
| 19:39 | Queue | Hulk |
| 19:53 | Queue | Throwing Axeman |
| 19:53 | Queue | Throwing Axeman |
| 20:07 | Build | Farm |
| 20:08 | Build | Farm |
| 20:08 | Build | Farm |
| 20:11 | Queue | Villager (Male) |
| 20:23 | Queue | Villager (Male) |
| 20:45 | Queue | Villager (Male) |
| 21:19 | Build | Siege Workshop |
| 21:37 | Queue | Villager (Male) |
| 21:38 | Queue | Villager (Male) |
| 21:58 | Build | Farm |
| 21:58 | Build | Farm |
| 21:59 | Build | Farm |
| 22:18 | Queue | Scorpion |
| 22:18 | Queue | Scorpion |
| 23:33 | Queue | Scorpion |
Build order — JamCat
124 actions detected in the replay
| 0:15 | Build | Town Center |
| 0:24 | Build | Dock |
| 0:28 | Build | House |
| 0:31 | Build | Palisade Wall |
| 2:22 | Queue | Villager (Male) |
| 2:22 | Queue | Villager (Male) |
| 2:23 | Queue | Villager (Male) |
| 2:23 | Queue | Villager (Male) |
| 3:30 | Queue | Villager (Male) |
| 3:55 | Queue | Fishing Ship |
| 4:18 | Queue | Villager (Male) |
| 4:34 | Build | House |
| 4:55 | Queue | Villager (Male) |
| 5:11 | Build | House |
| 5:15 | Queue | Villager (Male) |
| 5:36 | Queue | Villager (Male) |
| 5:52 | Build | Palisade Wall |
| 5:55 | Build | Palisade Wall |
| 6:01 | Queue | Villager (Male) |
| 6:15 | Queue | Fishing Ship |
| 6:21 | Build | House |
| 6:33 | Queue | Villager (Male) |
| 6:36 | Build | House |
| 6:47 | Queue | Villager (Male) |
| 6:48 | Queue | Fishing Ship |
| 6:59 | Build | House |
| 7:14 | Queue | Villager (Male) |
| 7:32 | Queue | Fishing Ship |
| 7:41 | Build | Palisade Wall |
| 7:51 | Queue | Villager (Male) |
| 7:51 | Queue | Villager (Male) |
| 8:03 | Build | House |
| 8:17 | Queue | Villager (Male) |
| 8:18 | Queue | Fishing Ship |
| 8:23 | Build | House |
| 8:36 | Queue | Villager (Male) |
| 8:44 | Build | Palisade Wall |
| 8:47 | Build | Palisade Wall |
| 9:00 | Queue | Villager (Male) |
| 9:08 | Queue | Fishing Ship |
| 9:27 | Build | Dock |
| 9:47 | Queue | Villager (Male) |
| 9:49 | Queue | Fishing Ship |
| 10:11 | Build | Mining Camp |
| 10:17 | Queue | Villager (Male) |
| 10:27 | Queue | Fishing Ship |
| 10:30 | Build | House |
| 10:46 | Queue | Villager (Male) |
| 11:02 | Build | Mill |
| 11:09 | Queue | Villager (Male) |
| 11:13 | Build | House |
| 11:14 | Build | Palisade Wall |
| 11:31 | Research | Feudal Age |
| 12:12 | Queue | Fishing Ship |
| 12:15 | Build | Palisade Wall |
| 12:26 | Queue | Fishing Ship |
| 13:06 | Queue | Villager (Male) |
| 13:06 | Research | Loom |
| 13:24 | Queue | Fishing Ship |
| 13:46 | Age | Feudal Age |
| 13:47 | Build | Market |
| 13:50 | Build | Blacksmith |
| 13:53 | Build | Mining Camp |
| 14:36 | Research | Castle Age |
| 14:47 | Build | Palisade Wall |
| 15:01 | Queue | Hulk |
| 15:02 | Queue | Hulk |
| 15:06 | Build | House |
| 15:14 | Build | Palisade Wall |
| 15:14 | Build | Palisade Wall |
| 15:16 | Build | Palisade Wall |
| 15:28 | Build | Lumber Camp |
| 15:32 | Build | Palisade Wall |
| 15:33 | Build | Palisade Wall |
| 16:34 | Research | Double-Bit Axe |
| 16:51 | Queue | Villager (Male) |
| 17:09 | Queue | Hulk |
| 17:09 | Queue | Hulk |
| 17:16 | Age | Castle Age |
| 17:32 | Research | Bow Saw |
| 17:38 | Queue | Villager (Male) |
| 17:47 | Research | Town Watch |
| 17:51 | Build | Outpost |
| 18:01 | Queue | Villager (Male) |
| 18:19 | Build | Gate |
| 18:22 | Build | Stone Wall |
| 18:31 | Queue | Villager (Male) |
| 18:38 | Build | House |
| 18:53 | Build | Castle |
| 18:59 | Queue | Villager (Male) |
| 19:09 | Research | War Galley (upgrade) |
| 19:16 | Queue | Villager (Male) |
| 19:27 | Queue | Villager (Male) |
| 19:44 | Queue | Villager (Male) |
| 19:56 | Queue | Hulk |
| 19:56 | Queue | Hulk |
| 20:01 | Queue | Villager (Male) |
| 20:11 | Queue | Longbowman |
| 20:29 | Queue | Longbowman |
| 20:34 | Research | Fletching |
| 20:40 | Queue | Villager (Male) |
| 20:53 | Queue | Longbowman |
| 20:58 | Queue | Villager (Male) |
| 21:17 | Queue | Longbowman |
| 21:28 | Queue | Longbowman |
| 21:38 | Research | Bodkin Arrow |
| 21:49 | Queue | Villager (Male) |
| 21:53 | Queue | Fishing Ship |
| 21:53 | Queue | Fishing Ship |
| 21:54 | Queue | Villager (Male) |
| 22:03 | Build | Town Center |
| 22:09 | Queue | Longbowman |
| 22:36 | Build | Castle |
| 22:37 | Queue | Longbowman |
| 22:46 | Queue | Villager (Male) |
| 22:48 | Queue | Villager (Male) |
| 22:49 | Queue | Longbowman |
| 22:57 | Queue | Villager (Male) |
| 23:08 | Queue | Hulk |
| 23:08 | Queue | Hulk |
| 23:33 | Queue | Villager (Male) |
| 23:34 | Queue | Longbowman |
| 23:50 | Queue | Villager (Male) |
| 23:58 | Build | Mining Camp |
Match timeline
| 0:24 | JamCat · first_building Dock |
| 0:31 | JamCat · wall_segment Palisade Wall x1 |
| 0:58 | Lic. VELEZ Y VINO · first_building Dock |
| 5:52 | JamCat · wall_segment Palisade Wall x2 |
| 5:55 | JamCat · wall_segment Palisade Wall x4 |
| 7:41 | JamCat · wall_segment Palisade Wall x8 |
| 8:44 | JamCat · wall_segment Palisade Wall x2 |
| 8:47 | JamCat · wall_segment Palisade Wall x10 |
| 11:14 | JamCat · wall_segment Palisade Wall x3 |
| 12:15 | JamCat · wall_segment Palisade Wall x12 |
| 13:46 | JamCat · age_up feudal |
| 14:16 | Lic. VELEZ Y VINO · age_up feudal |
| 14:47 | JamCat · wall_segment Palisade Wall x4 |
| 15:09 | Lic. VELEZ Y VINO · first_market_sell 100 food |
| 15:14 | JamCat · wall_segment Palisade Wall x1 |
| 15:14 | JamCat · wall_segment Palisade Wall x1 |
| 15:16 | JamCat · wall_segment Palisade Wall x1 |
| 15:32 | JamCat · wall_segment Palisade Wall x1 |
| 15:33 | JamCat · wall_segment Palisade Wall x1 |
| 17:16 | JamCat · age_up castle |
| 17:50 | Lic. VELEZ Y VINO · age_up castle |
| 17:52 | Lic. VELEZ Y VINO · first_building Castle |
| 18:22 | JamCat · wall_segment Stone Wall x3 |
| 18:47 | JamCat · first_market_buy 100 stone |
| 18:53 | JamCat · first_building Castle |
| 20:09 | JamCat · first_market_sell 100 food |
| 21:19 | Lic. VELEZ Y VINO · first_building Siege Workshop |
| 23:59 | Lic. VELEZ Y VINO · resign |
[ AI ANALYSIS · 1 CREDIT ]
What really happened in this match?
Wolo.gg analyzes every decision: build order, eco, micro, common mistakes by bracket. Personalized analysis on WhatsApp or Discord in 30 seconds.
Civ guide
Franks
Perfil
Jugador #235357